 Dungeon Crawl Stone Soup version 0.21-a0-521-g1cd18d1 (webtiles) character file.

78 slep the Chopper (level 4, -1/35 HPs)
             Began as a Demonspawn Monk on Dec 5, 2017.
             Slain by a thrashing horror (4 damage)
             ... on level 1 of the Abyss.
             The game lasted 00:05:05 (1254 turns).

slep the Chopper (Demonspawn Monk)                  Turns: 1254, Time: 00:05:09

Health: -1/35      AC:  4    Str: 11    XL:     4   Next: 15%
Magic:  4/4        EV: 13    Int: 12    God:
Gold:   112        SH:  4    Dex: 16    Spells: 3/3 levels left

rFire    . . .     SeeInvis .   a - +0 hand axe
rCold    . . .     Gourm    .   (no shield)
rNeg     . . .     Faith    .   b - +0 robe
rPois    .         Spirit   .   (no helmet)
rElec    .         Reflect  .   (no cloak)
rCorr    .         Harm     .   d - +0 pair of gloves
MR       .....                  g - +0 pair of boots (curse)
Stlth    ++........             i - amulet of regeneration
HPRegen  0.51/turn              (no ring)
MPRegen  0.09/turn              (no ring)

@: drained
A: large bone plates 1
a: no special abilities


You were on level 1 of the Abyss.
You were not hungry.

You visited 1 branch of the dungeon, and saw 2 of its levels.
You visited the Abyss 1 time.

You collected 112 gold pieces.

Inventory:

Hand Weapons
 a - a +0 hand axe (weapon)
Armour
 b - a +0 robe (worn)
 d - a +0 pair of gloves (worn)
 g - a cursed +0 pair of boots (worn)
Jewellery
 i - an amulet of regeneration (around neck)
Wands
 o - a wand of enslavement (16)
Scrolls
 e - 3 scrolls of identify {unknown}
 f - a scroll of amnesia {unknown}
 h - 2 scrolls of magic mapping {unknown}
 j - a scroll of enchant weapon {unknown}
 l - a scroll of fear {unknown}
 n - a scroll of random uselessness {unknown}
 p - a scroll of remove curse {unknown}
 q - a scroll of teleportation {unknown}
Potions
 k - a potion of lignification {unknown}
Comestibles
 c - 3 bread rations
 m - 3 chunks of flesh


   Skills:
 + Level 3.5(2.9) Fighting
 + Level 3.7(3.1) Axes
 + Level 3.1(2.6) Dodging
 + Level 2.1(1.5) Stealth


You had 3 spell levels left.
You didn't know any spells.

Dungeon Overview and Level Annotations

Branches:
Dungeon (2/15)

Altars:
Ashenzari
Xom

Annotations:
D:2 Sigmund


Innate Abilities, Weirdness & Mutations

You are partially covered in large bone plates. (SH +4)


Message History

Press: ? - help, Shift-Dir - straight line, f - vampire mage
Aim: a vampire mage, wearing a robe (chance to defeat MR: 6%)
The vampire mage resists with almost no effort.
The vampire mage mumbles some strange words.
The phantasmal warrior blinks!
The vampire mage casts a spell.
A thrashing horror comes into view.
The thrashing horror roars!
The thrashing horror misses you. The thrashing horror tramples you.
* * * LOW HITPOINT WARNING * * *
You hold your ground!
You feel yourself growing ill in the presence of the ancient zyme.
An ancient zyme comes into view.
The thrashing horror tramples you!
* * * LOW HITPOINT WARNING * * *
You hold your ground!
The thrashing horror tramples you but does no damage.
You block the thrashing horror's attack.
The thrashing horror tramples you.
You die...

#h. #§. ....... #..
....... #... ....... ...#
....... ... ..# .....x# .
#..........##.##......#
...... ....#....@X.......
..#.... ...######........
.##.#.# #..##...........
.......# #...#...........
.....W## .#..#.#.......
.... .#####.#W#.#.......
..W ..$#W.##.#.........#
... W.... #.V.#......X..#
§.##...$#.#.##..##.......


You could see an ancient zyme (wandering), 2 thrashing horrors and a raiju
(wandering).

Vanquished Creatures
  3 gnolls (D:2)
  An adder (D:2)
  A white imp (Abyss:1)
  An ooze (D:1)
  2 leopard geckos
  3 hobgoblins
  6 kobolds
  A ball python (D:2)
  5 bats
  2 frilled lizards (D:1)
  2 goblins
  5 rats (D:1)
32 creatures vanquished.

Notes
Turn   | Place    | Note
-------+----------+-------------------------------------------
     0 | D:1      | slep the Demonspawn Monk began the quest for the Orb.
     0 | D:1      | Reached XP level 1. HP: 18/18 MP: 1/1
   220 | D:1      | Gained mutation: You are partially covered in large bone plates. (SH +4) [demonic ancestry]
   220 | D:1      | Reached XP level 2. HP: 16/24 MP: 2/2
   448 | D:1      | Found a shattered altar of Ashenzari.
   815 | D:2      | Reached XP level 3. HP: 6/29 MP: 3/3
  1042 | D:2      | Reached XP level 4. HP: 25/35 MP: 4/4
  1166 | D:2      | Found a shimmering altar of Xom.
  1167 | D:2      | Noticed Sigmund
  1180 | D:2      | Found a shattered altar of Ashenzari.
  1180 | D:2      | Cast into level 1 of the Abyss (Sigmund)
  1211 | Abyss:1  | Noticed a freezing wraith
  1213 | Abyss:1  | Noticed a large abomination
  1227 | Abyss:1  | Noticed a thrashing horror
  1227 | Abyss:1  | Noticed a vampire mage
  1242 | Abyss:1  | Noticed a shadow
  1242 | Abyss:1  | Noticed a phantasmal warrior
  1251 | Abyss:1  | Noticed a thrashing horror
  1254 | Abyss:1  | Noticed an ancient zyme
  1254 | Abyss:1  | Slain by a thrashing horror

Vault maps used:
D:1:      saegor_arrival_miasma, interstate_on_off,
          minmay_misc_feat_more_columns, ashenzari_altar_1
D:2:      grunt_temple_overflow_open, uniq_sigmund

Skill      XL: |  1  2  3 |
---------------+----------+-----
Axes           | 3 |  3.7
Stealth        | 2 |  2.1
Dodging        | 3 |  3.1
Fighting       | |  3.5

Action                   |  1- 3 |  4- 6 || total
-------------------------+-------+-------++-------
Melee: Hand axe          |    83 |    11 ||    94
Evoke: Wand              |       |     1 ||     1
  Use: Potion            |     1 |     4 ||     5
 Stab: Sleeping          |     2 |       ||     2
  Eat: Chunk             |       |     1 ||     1
Armor: Robe              |    12 |     2 ||    14
Dodge: Dodged            |    89 |    12 ||   101
Block: Other             |    20 |     2 ||    22

Table legend:
 A = Spawn XP
 B = Non-spawn XP
 C = Spawn XP percentage of total XP
 D = Spawn monster count
 E = Non-spawn monster count
 F = Spawn count percentage of total count
 G = Total turns spent on level
                    A         B        C        D         E        F      G
               +---------+---------+-------+---------+---------+-------+---------
         Total |      10 |     102 |   8.9 |       1 |      31 |   3.1 |  1254
               +---------+---------+-------+---------+---------+-------+---------
           D:1 |       0 |      31 |   0.0 |       0 |      19 |   0.0 |   803
           D:2 |       0 |      71 |   0.0 |       0 |      12 |   0.0 |   377
       Abyss:1 |      10 |       0 | 100.0 |       1 |       0 | 100.0 |    74
               +---------+---------+-------+---------+---------+-------+---------
